 Dungeon Crawl Stone Soup version 0.19-a0-503-g45a6586 (webtiles) character file.

59 tyrsky the Skirmisher (level 4, 0/35 HPs)
             Began as a Human Abyssal Knight on June 5, 2016.
             Was a Believer of Lugonu.
             Slain by a gnoll
             ... wielding a cursed -1 flail
              (8 damage)
             ... on level 3 of the Dungeon.
             The game lasted 00:03:22 (1438 turns).

tyrsky the Skirmisher (Human Abyssal Knight)        Turns: 1438, Time: 00:03:23

Health: 0/35       AC:  4    Str: 13    XL:     4   Next: 22%
Magic:  5/5        EV: 12    Int: 12    God:    Lugonu [**....]
Gold:   102        SH:  0    Dex: 13    Spells: 0 memorised, 3 levels left

rFire  . . .     SeeInvis .     a - +1 mace
rCold  . . .     Gourm    .     b - +0 leather armour
rNeg   . . .     Faith    .     (no shield)
rPois  .         Spirit   .     (no helmet)
rElec  .         Dismiss  .     h - +0 cloak
rCorr  .         Reflect  .     (no gloves)
SustAt .         Harm     .     (no boots)
MR     .....                    (no amulet)
Stlth  +.........               (no ring)
                                (no ring)

@: not resistant to hostile enchantments, very unstealthy
A: no striking features
a: Depart the Abyss, Bend Space, Renounce Religion


You were on level 3 of the Dungeon.
You worshipped Lugonu.
Lugonu was pleased with you.
You were not hungry.

You visited 1 branch of the dungeon, and saw 3 of its levels.
You visited the Abyss 1 time.

You collected 102 gold pieces.

Inventory:

Hand Weapons
 a - a +1 mace (weapon)
Armour
 b - a +0 leather armour (worn)
 h - a +0 cloak (worn)
Scrolls
 d - a scroll of teleportation {unknown}
 e - a scroll of enchant weapon {unknown}
 g - a scroll of immolation {unknown}
 j - a scroll of remove curse {unknown}
 o - a scroll of identify {unknown}
Potions
 f - 3 potions of curing {unknown}
 i - a potion of berserk rage {unknown}
 k - a potion of mutation {unknown}
 n - a potion of ambrosia {unknown}
 p - a potion of flight {unknown}
Comestibles
 c - 2 bread rations
 l - a beef jerky
 m - a slice of pizza
 q - a meat ration
 r - 5 fruits


   Skills:
 - Level 3.0 Fighting
 + Level 3.0 Maces & Flails
 + Level 2.8 Armour
 + Level 2.0 Dodging
 + Level 0.2 Stealth
 - Level 2.0 Invocations


You had 3 spell levels left.
You didn't know any spells.

Dungeon Overview and Level Annotations

Branches:
Dungeon (3/15)

Altars:
Kikubaaqudgha


Message History

You climb downwards.
Found a stone staircase leading down.
There is a stone staircase leading up here.
You hit the gnoll.
The gnoll is severely wounded.
The gnoll hits you with a flail.
* * * LOW HITPOINT WARNING * * *
You hit the gnoll.
The gnoll is almost dead.
The gnoll closely misses you.
You hit the gnoll but do no damage.
The gnoll is almost dead.
The gnoll misses you.
You barely miss the gnoll.
The gnoll is almost dead.
The gnoll misses you.
You barely miss the gnoll.
The gnoll is almost dead.
The gnoll hits you with a flail!
You die...

###
##g.#
#p#
#.##
#>#
#.#
...
###


You could see a gnoll.

Vanquished Creatures
  A gnoll (D:2)
  A worm (D:2)
  2 dart slugs
  2 giant geckos
  A giant cockroach (D:1)
  2 goblins (D:1)
  4 hobgoblins
  5 jackals
  6 kobolds
  A quokka (D:2)
  7 bats (D:1)
  3 giant newts
  A rat (D:2)
36 creatures vanquished.

Notes
Turn   | Place    | Note
--------------------------------------------------------------
     0 | Abyss:1  | tyrsky the Human Abyssal Knight began the quest for the Orb.
     0 | Abyss:1  | Reached XP level 1. HP: 18/18 MP: 2/2
    40 | D:1      | Escaped the Abyss
   136 | D:2      | Reached XP level 2. HP: 1/24 MP: 3/3
   414 | D:2      | Found an ancient bone altar of Kikubaaqudgha.
   824 | D:1      | Reached XP level 3. HP: 23/29 MP: 4/4
  1017 | D:1      | Reached ** piety under Lugonu
  1346 | D:2      | Reached XP level 4. HP: 31/35 MP: 5/5
  1438 | D:3      | Slain by a gnoll

Vault maps used:
D:1:      dpeg_arrival_snail, minmay_misc_feat_rows
D:2:      overflow_temple_1_default, serial_forest,
          infiniplex_forest_clump_tiny, infiniplex_forest_fountain,
          infiniplex_forest_clump_curved, infiniplex_forest_join,
          infiniplex_forest_clump_cross, infiniplex_forest_clump_diagonal,
          minivault_4, uniq_robin
D:3:      first_bread, minmay_cut_off

Skill      XL: |  1  2  3  4 |
---------------+-------------+-----
Maces & Flails | 3 |  3.0
Dodging        | 2 |  2.0
Fighting       | |  3.0
Armour         | |  2.8
Stealth        | |  0.2
Invocations    | |  2.0

Action                   |  1- 3 |  4- 6 || total
-------------------------+-------+-------++-------
Melee: Mace              |   126 |    15 ||   141
  Eat: Chunk             |     1 |     1 ||     2
Armor: Leather armour    |    49 |     2 ||    51
Dodge: Dodged            |   101 |     8 ||   109
